 Dungeon Crawl Stone Soup version 0.29.0-13-gc9e81de378 (webtiles) character file.

Game seed: 3078370783931086544

6099 Pooter the Cleaver (level 10, 0/91 HPs)
             Began as a Minotaur Monk on Sept 9, 2022.
             Was an Elder of Okawaru.
             Slain by a two-headed ogre
             ... wielding a +0 giant spiked club
              (7 damage)
             ... on level 8 of the Dungeon.
             The game lasted 00:42:37 (10897 turns).

Pooter the Cleaver (Minotaur Monk)                 Turns: 10897, Time: 00:42:38

Health: 0/91       AC: 11    Str: 19    XL:     10   Next: 58%
Magic:  11/12      EV: 11    Int:  7    God:    Okawaru [****..]
Gold:   543        SH:  0    Dex: 14    Spells: 9/9 levels left

rFire   . . .      SeeInvis .   a - +3 broad axe (elec)
rCold   . . .      Faith    .   (no shield)
rNeg    . . .      Spirit   .   B - +0 chain mail
rPois   .          Reflect  .   (helmet restricted)
rElec   .          Harm     .   C - +0 cloak
rCorr   .          Rampage  .   (no gloves)
Will    .....                   (no boots)
Stlth   +.........              (no amulet)
HPRegen 0.25/turn               (no ring)
MPRegen 0.13/turn               (no ring)

@: heroic
A: horns 2, retaliatory headbutt
a: Renounce Religion, Heroism, Finesse


You were on level 8 of the Dungeon.
You worshipped Okawaru.
Okawaru was greatly pleased with you.
You visited 2 branches of the dungeon, and saw 10 of its levels.
You also visited: Sewer.

You collected 543 gold pieces.

Inventory:

Hand Weapons
 a - a +3 broad axe of electrocution (weapon)
   (You acquired it on level 3 of the Dungeon)
 b - a +0 shortbow
   (You took it off a centaur on level 8 of the Dungeon)
 o - a +0 morningstar
   (You found it on level 4 of the Dungeon)
 F - a +3 trident
   (You took it off a wight on level 8 of the Dungeon)
Missiles
 z - 2 javelins
 Q - 48 stones (quivered)
Armour
 B - a +0 chain mail (worn)
   (You found it on level 7 of the Dungeon)
 C - a +0 cloak (worn)
   (You found it on level 8 of the Dungeon)
Jewellery
 m - a +6 ring of intelligence
   (You found it on level 5 of the Dungeon)
 v - an amulet of faith {!P}
   (You took it off an orc on level 5 of the Dungeon)
 E - a ring of fire
   (You found it on level 8 of the Dungeon)
 G - an amulet of guardian spirit
   (You found it on level 3 of the Dungeon)
Wands
 f - a wand of flame (21)
   (You found it on level 8 of the Dungeon)
 u - a wand of paralysis (17)
   (You found it on level 6 of the Dungeon)
 y - a wand of mindburst (14)
   (You found it on level 6 of the Dungeon)
 D - a wand of digging (4)
   (You found it on level 3 of the Dungeon)
Scrolls
 d - a scroll of magic mapping
 e - 2 scrolls of vulnerability {!r}
 g - a scroll of noise {!r}
 j - a scroll of enchant weapon {unknown}
 l - 2 scrolls of fear
 r - a scroll of summoning {unknown}
 s - 2 scrolls of torment {unknown}
 t - 5 scrolls of teleportation {@r4}
 A - 3 scrolls of fog
 H - 2 scrolls of blinking
Potions
 c - 6 potions of flight
 h - 2 potions of lignification {unknown}
 i - a potion of mutation {unknown}
 k - 2 potions of brilliance
 n - 5 potions of curing {@q1}
 p - a potion of berserk rage {unknown}
 q - a potion of attraction {unknown}
 w - a potion of might
 x - a potion of cancellation {unknown}


   Skills:
 + Level 9.4(14.4) Fighting
 * Level 12.8(17.8) Axes
 + Level 7.2(12.2) Ranged Weapons
 - Level 4.4(9.4) Dodging
 - Level 3.0(8.0) Stealth
 + Level 4.2 Invocations
 + Level 3.7 Evocations


You had 9 spell levels left.
You didn't know any spells.
Your spell library contained the following spells:

 Spells                   Type           Power      Damage    Failure   Level
 Portal Projectile        Hex/Tloc       0%         N/A       100%        3
 Anguish                  Hex/Necr       0%         N/A       100%        4
 Blade Hands              Tmut           0%         N/A       100%        5
 Enfeeble                 Hex            0%         N/A       100%        7
 Tukima's Dance           Hex            Unusable   N/A       N/A         3

Dungeon Overview and Level Annotations

Branches:
Dungeon (9/15)             Temple (1/1) D:4           Sewer (visited)
   Lair: D:8-11         Orc: D:9-12

Altars:
Ashenzari
Cheibriados
Elyvilon
Fedhas
Hepliaklqana
Kikubaaqudgha
Nemelex Xobeh
Okawaru
Ru
Trog
Vehumet
Zin


Innate Abilities, Weirdness & Mutations

You have a pair of horns on your head.
You reflexively headbutt those who attack you in melee.


Message History

A two-headed ogre comes into view.
It is wielding a +0 giant spiked club and a +0 giant club.
Something hits you but does no damage.
The two-headed ogre shouts in stereo!
You hit something. Lightning courses through something!!
Okawaru accepts your kill.
Reactivating autopickup.
You feel a bit more experienced.
You closely miss the orc. The orc hits you but does no damage.
You hit the orc. The orc hits you but does no damage.
You slash the orc!
You kill the orc!
Okawaru accepts your kill.
Things that are here:
a +0 club; a +0 ring mail; an orc corpse
There is a stone staircase leading up here.
You climb upwards.
There is a stone staircase leading down here.
You start resting.
You start resting.
You feel more confident with your borrowed prowess.
You climb downwards.
The orc warrior hits you with a +0 battleaxe.
The two-headed ogre hits you with a +0 giant spiked club!!
The two-headed ogre barely misses you.
The orc warrior hits you with a +0 battleaxe!!
There is a stone staircase leading up, spattered with blood here.
The two-headed ogre closely misses you. You furiously retaliate!
You headbutt the two-headed ogre.
The two-headed ogre hits you with a +0 giant club!!
* * * LOW HITPOINT WARNING * * *
The orc warrior closely misses you.
You climb upwards.
There is a stone staircase leading down here.
You slash the two-headed ogre! You headbutt the two-headed ogre!
You hit the orc warrior.
Lightning courses through the orc warrior!
The orc warrior closely misses you.
The two-headed ogre hits you with a +0 giant spiked club!
* * * LOW HITPOINT WARNING * * *
The two-headed ogre misses you.
You closely miss the two-headed ogre.
You headbutt the two-headed ogre, but do no damage.
You hit the orc warrior but do no damage.
You hit the two-headed ogre.
Lightning courses through the two-headed ogre!
You completely miss the orc warrior.
The orc warrior hits you with a +0 battleaxe!
* * * LOW HITPOINT WARNING * * *
The two-headed ogre hits you with a +0 giant spiked club!
You die...

..#..#.##.....#.....#.#
..#..#.##.....####....#
.......######## ##..##
..#.##.# ##.# .......#
#.# ....##.#### #.#
.##.##)[..######## #.#
.##....)#[.....Oo# #.#
..........######@###.#
########### #.....#
####### ## .# .# .# .#
.#


You could see a two-headed ogre and an orc warrior.

Vanquished Creatures
  2 death yaks
  Pikel (D:5)
  Grinder (D:4)
  Sigmund (D:6)
  5 yaks (D:8)
  Eustachio (D:5)
  2 steam dragons
  2 ice beasts
  3 black bears
  2 ogres (D:6)
  A centaur (D:8)
  3 lemures (D:5)
  A phantom (D:5)
  Blork the orc (D:5)
  6 bullfrogs
  A gnoll sergeant (D:7)
  A necrophage (D:6)
  6 wights
  4 killer bees (D:9)
  8 hounds
  2 orc priests
  A gnoll bouda (D:6)
  Natasha (D:2)
  Terence (D:2)
  3 iguanas
  7 orc wizards
  A merfolk siren (Sewer)
  A merfolk avatar (Sewer)
  Robin (D:2)
  18 gnolls
  8 adders
  3 river rats
  A shadow imp (D:6)
  2 white imps
  2 ufetubi
  2 worms (D:2)
  3 dart slugs
  31 orcs
  13 ball pythons
  10 bats
  5 endoplasms
  8 giant cockroaches
  15 goblins
  13 hobgoblins
  12 jackals
  8 kobolds
  11 quokkas
  5 frilled lizards
  24 rats
264 creatures vanquished.

Notes
Turn   | Place    | Note
-------+----------+-------------------------------------------
     0 | D:1      | Pooter the Minotaur Monk began the quest for the Orb.
     0 | D:1      | Reached XP level 1. HP: 19/19 MP: 0/0
   388 | D:1      | Reached XP level 2. HP: 19/27 MP: 1/1
   492 | D:1      | Reached skill level 4 in Axes
   670 | D:1      | You fall into a shaft and drop 1 floor!
   697 | D:2      | Noticed a black bear
   707 | D:1      | HP: 1/27 [black bear (3)]
   710 | D:1      | Killed a black bear
   711 | D:1      | Reached skill level 5 in Axes
   711 | D:1      | Reached XP level 3. HP: 9/34 MP: 2/2
   711 | D:1      | Reached XP level 4. HP: 11/41 MP: 3/3
  1284 | D:1      | Reached XP level 5. HP: 47/47 MP: 4/4
  1446 | D:2      | Noticed Robin
  1452 | D:2      | Killed Robin
  1816 | D:2      | Noticed Terence
  1843 | D:2      | Killed Terence
  2404 | D:2      | Noticed Natasha
  2409 | D:2      | Killed Natasha
  2410 | D:2      | Reached skill level 6 in Axes
  2410 | D:2      | Reached XP level 6. HP: 52/55 MP: 5/5
  3351 | D:3      | Identified a scroll of acquirement
  3352 | D:3      | Acquired a +3 broad axe of electrocution
  3513 | D:3      | Reached skill level 5 in Fighting
  3863 | D:3      | Reached skill level 1 in Ranged Weapons
  4275 | D:4      | Reached XP level 7. HP: 61/61 MP: 6/6
  4482 | D:4      | Noticed Grinder
  4493 | D:4      | Killed Grinder
  4494 | D:4      | Reached skill level 7 in Axes
  4690 | D:4      | Found a staircase to the Ecumenical Temple.
  4696 | Temple   | Entered the Ecumenical Temple
  4712 | Temple   | Became a worshipper of Warmaster Okawaru
  4712 | Temple   | Reached * piety under Okawaru
  4712 | Temple   | Reached ** piety under Okawaru
  5379 | D:5      | Entered Level 5 of the Dungeon
  5399 | D:5      | Reached skill level 8 in Axes
  5639 | D:5      | Found a glowing drain.
  5648 | Sewer    | Entered a sewer
  5725 | Sewer    | Reached XP level 8. HP: 59/70 MP: 7/7
  6154 | D:5      | Noticed Pikel
  6166 | D:5      | Killed Pikel
  6167 | D:5      | Reached skill level 9 in Axes
  6407 | D:5      | Noticed Eustachio
  6421 | D:5      | Killed Eustachio
  6422 | D:5      | Reached skill level 10 in Axes
  6602 | D:5      | Noticed Blork the orc
  6610 | D:5      | Killed Blork the orc
  6931 | D:6      | Reached skill level 5 in Ranged Weapons
  6941 | D:6      | Reached XP level 9. HP: 58/80 MP: 8/8
  7206 | D:6      | Reached *** piety under Okawaru
  7293 | D:6      | Noticed Sigmund
  7295 | D:6      | Reached skill level 1 in Invocations
  7305 | D:6      | Reached skill level 1 in Evocations
  7310 | D:6      | Killed Sigmund
  7311 | D:6      | Reached skill level 11 in Axes
  9056 | D:8      | Reached **** piety under Okawaru
  9057 | D:8      | Reached XP level 10. HP: 70/90 MP: 9/11
  9067 | D:8      | Reached skill level 12 in Axes
 10031 | D:9      | Noticed a death yak
 10032 | D:9      | Noticed a death yak
 10048 | D:8      | Killed a death yak
 10388 | D:9      | Killed a death yak
 10868 | D:9      | Noticed a two-headed ogre
 10897 | D:8      | Slain by a two-headed ogre

Illustrated notes

Levels and vault maps discovered:
D:1:      dpeg_arrival_chambers_temple_mockup, layout_basic, minmay_tripent
D:2:      cheibrodos_greedy_goblins, layout_basic, uniq_natasha, uniq_terence,
          uniq_robin
D:3:      layout_basic
D:4:      layout_basic, minmay_temple_entry_fiery, uniq_grinder
D:5:      layout_gridville, cheibrodos_sewer_entry_drain, uniq_pikel,
          uniq_eustachio, uniq_blork_the_orc
D:6:      layout_cave_pools, uniq_sigmund
D:7:      layout_basic, kennysheep_small_spiral, minmay_tree_intersection,
          chequers_serial_rivers_small_b
D:8:      layout_loops_cross, corexii_leaking_fountain, hangedman_decor_opposing
D:9:      layout_long_grid, jmf_multi_god_temple, dpeg_lair_monsters,
          david_orc_3
Temple:   nicolae_temple_bog_church

Skill      XL: |  1  2  3  4  5  6  7  8  9 10 |
---------------+-------------------------------+-----
Axes           | 5 6 8 10 11 12 | 12.8
Fighting       | 4 5 6 7 8 9 |  9.4
Dodging        | 4 |  4.4
Stealth        | 2 3 |  3.0
Ranged Weapons | 1 3 5 6 7 |  7.2
Invocations    | 3 4 |  4.2
Evocations     | 2 3 |  3.7

Action                   |  1- 3 |  4- 6 |  7- 9 | 10-12 || total
-------------------------+-------+-------+-------+-------++-------
Melee: Hand axe          |    36 |    90 |       |       ||   126
       Headbutt          |     7 |    25 |    33 |    19 ||    84
       Flail             |       |    78 |       |       ||    78
       Punch             |       |     1 |     2 |     1 ||     4
       Broad axe         |       |    13 |   241 |    65 ||   319
 Fire: Sling             |       |    22 |    58 |       ||    80
       Shortbow          |       |       |       |    16 ||    16
Throw: Stone             |     6 |       |     7 |     5 ||    18
       Javelin           |       |       |     2 |       ||     2
Invok: Heroism           |       |       |     8 |     5 ||    13
Evoke: Wand              |       |       |       |     9 ||     9
  Use: Potion            |     2 |     1 |     1 |       ||     4
       Scroll            |       |     7 |     8 |       ||    15
 Stab: Sleeping          |     4 |       |       |       ||     4
       Paralysed         |       |       |       |     2 ||     2
Armor: Robe              |    14 |    14 |       |       ||    28
       Scale mail        |       |    34 |    76 |       ||   110
       Chain mail        |       |       |     3 |    28 ||    31
Dodge: Dodged            |    43 |   128 |   141 |    26 ||   338
